 Dungeon Crawl Stone Soup version 0.25.1-8-g42b30a86e7 (webtiles) character file.

Game seed: 16782242571114412930

7621 H0rd4k the Eclecticist (level 10, 0/50 HPs)
             Began as a Deep Elf Wizard on Dec 17, 2020.
             Was an Initiate of Gozag.
             Killed from afar by a white imp (4 damage)
             ... with a puff of frost
             ... on level 1 of the Lair of Beasts on Dec 18, 2020.
             The game lasted 00:44:49 (14942 turns).

H0rd4k the Eclecticist (Deep Elf Wizard)           Turns: 14942, Time: 00:44:50

Health: 0/50       AC:  9    Str: 13    XL:     10   Next: 98%
Magic:  4/31       EV: 13    Int: 30    God:    Gozag
Gold:   1282       SH:  0    Dex: 13    Spells: 15/39 levels left

rFire    . . .     SeeInvis +   j - +7 long sword of the Final Decision {freeze, rF+ Str+3 SInv}
rCold    + . .     Gourm    .   (no shield)
rNeg     . . .     Faith    +   k - +1 leather armour {rPois}
rPois    +         Spirit   .   C - +1 helmet {Int+3}
rElec    .         Reflect  .   (no cloak)
rCorr    .         Harm     .   l - +2 pair of gloves
MR       +....                  (no boots)
Stlth    ++........             B - amulet of faith
HPRegen  0.16/turn              g - ring of ice
MPRegen  0.22/turn              D - +6 ring of strength

@: gold aura
A: no striking features
a: Potion Petition, Call Merchant, Bribe Branch, Renounce Religion


You were on level 1 of the Lair of Beasts.
You worshipped Gozag.
Gozag was most pleased with you.
You were hungry.

You visited 3 branches of the dungeon, and saw 13 of its levels.

You collected 1360 gold pieces.
You paid 78 gold pieces to Gozag.

Inventory:

Hand Weapons
 j - the +7 long sword of the Final Decision (weapon) {freeze, rF+ Str+3 SInv}
   (You found it on level 11 of the Dungeon)

   It has been specially enchanted to freeze those struck by it, causing extra
   injury to most foes and up to half again as much damage against particularly
   susceptible opponents.
   It can also slow down cold-blooded creatures.
   It affects your strength (+3).
   It protects you from fire.
   It lets you see invisible.
Armour
 k - a +1 leather armour of poison resistance (worn)
 l - a +2 pair of gloves (worn)
 C - a +1 helmet of intelligence (worn)
Jewellery
 g - a ring of ice (left hand)
 x - an uncursed ring of ice
 B - an amulet of faith (around neck)
 D - a +6 ring of strength (right hand)
Wands
 a - a wand of flame (20)
 w - a wand of paralysis (1)
Scrolls
 f - 10 scrolls of remove curse
 p - a scroll of blinking
 u - 4 scrolls of enchant weapon
 y - a scroll of random uselessness {unknown}
 A - a scroll of amnesia {unknown}
Potions
 c - a potion of flight
 e - a potion of magic
 i - 9 potions of curing
 m - a potion of invisibility
 n - 3 potions of heal wounds
 q - a potion of resistance
 s - 3 potions of mutation
 v - 2 potions of berserk rage
 z - a potion of might
Comestibles
 d - 12 rations


   Skills:
 + Level 0.1 Long Blades
 + Level 3.6 Dodging
 + Level 4.3 Stealth
 + Level 15.1 Spellcasting
 + Level 9.1 Conjurations
   Level 1.1 Summonings
 + Level 6.1 Translocations
 + Level 3.5 Fire Magic
 * Level 3.5 Ice Magic
 + Level 1.0 Air Magic
 + Level 2.0 Poison Magic
 + Level 1.7 Evocations


You had 15 spell levels left.
You knew the following spells:

 Your Spells              Type           Power        Failure   Level  Hunger
a - Magic Dart            Conj           ####         1%          1    None
b - Blink                 Tloc           N/A          1%          2    None
c - Conjure Flame         Conj/Fire      ######..     1%          3    None
d - Mephitic Cloud        Conj/Pois/Air  #####...     1%          3    None
e - Gell's Gravitas       Tloc           ######....   1%          3    None
f - Frozen Ramparts       Ice            ######       1%          3    None
g - Ozocubu's Armour      Chrm/Ice       ######..     3%          3    None
h - Ozocubu's Refrigerat  Ice            ######....   67%         6    ###....

Your spell library contained the following spells:

 Spells                   Type           Power        Failure   Level  Hunger
 Apportation              Tloc           ######       1%          1    None
 Freeze                   Ice            ####         1%          1    None
 Summon Small Mammal      Summ           ####         1%          1    None
 Hailstorm                Conj/Ice       ######..     1%          4    None
 Animate Skeleton         Necr           N/A          2%          1    None
 Corona                   Hex            ###....      2%          1    None
 Call Imp                 Summ           ####....     2%          2    None
 Slow                     Hex            ###.....     4%          2    None
 Confusing Touch          Hex            ###.....     8%          3    None
 Summon Ice Beast         Ice/Summ       ######..     10%         4    None
 Ice Form                 Ice/Tmut       ######..     13%         4    None
 Petrify                  Tmut/Erth      ###.....     26%         4    None
 Metabolic Englaciation   Hex/Ice        ######....   34%         5    None
 Freezing Cloud           Conj/Ice/Air   ######....   52%         6    ###....
 Yara's Violent Unravell  Hex/Tmut       ###.......   58%         5    None
 Simulacrum               Ice/Necr       ######....   89%         6    ###....


Dungeon Overview and Level Annotations

Branches:
Dungeon (11/15)            Temple (1/1) D:6            Lair (1/6) D:11
    Orc: D:9-12

Altars:
Ashenzari
Cheibriados
Dithmenos
Elyvilon
Fedhas
Gozag
Hepliaklqana
Kikubaaqudgha
Makhleb
Nemelex Xobeh
Okawaru
Qazlal
Ru
Sif Muna
Trog
Uskayaw
Vehumet
Wu Jian
Xom
Yredelemnul
Zin
Beogh

Shops:
D:5 ((%([

Annotations:
D:1 exclusion: 2 downstairs
D:4 3 runed translucent doors, exclusion: 2 downstairs, admiralandromeda's ghost, novice MfIE
D:8 1 runed translucent door, exclusions: downstairs and upstairs
D:9 exclusions: molten gargoyle and 2 upstairs
D:10 exclusion: upstairs
D:11 zoidberg28's ghost, adept HOFi
Lair:1 exclusion: hydra, Fannar


Message History

Aim: a white imp (moderately wounded)
The magic dart hits the white imp.
The white imp is heavily wounded.
The white imp hits you but does no damage.
The white imp closely misses you. The blink frog hits you.
Casting: Magic Dart (safe; 1% risk of failure)
Confirm with . or Enter, or press ? or * to list all spells.
Aiming: Magic Dart (safe; 1% risk of failure)
Press: ? - help, Shift-Dir - straight line, f/p - white imp
Aim: a white imp (heavily wounded)
The magic dart hits the white imp.
You kill the white imp!
The blink frog hits you!
* * * LOW HITPOINT WARNING * * *
The white imp barely misses you.
The blink frog becomes distracted by the nearby gold, dreaming of imaginary riches.
The white imp gestures at you. The puff of frost hits you. You resist.
You die...
Your body crumbles into a pile of gold.

#...###..####§.#,.....,,,,,,,***,
#........F.....#........,,,,,,**,
.......e.....5.#........P*,..****
...(..=F..5..5D.........P,P..,,,,
*#..####..####F#........,....**,*
*#...###..## #.#*##..P###.5.,,,,,
.#.........###.###...##....,,,,,,
................$F......#,,,,,,,,
...#.#.###.....5@....$$.#,,,,,,,,
#,*##### #.........5..$.#,,,,,,,,
*** ##########.###..$.5.∩,,, ###
**#....,,,, *,#..,,,, ***,P,*,*
*******


You could see a blink frog (unaware) and 2 white imps.

Vanquished Creatures
  A cyclops (D:11)
  A manticore (D:11)
  A spiny frog (Lair:1)
  2 trolls
  A hippogriff (D:7)
  A wraith (D:10)
  4 yaks (D:11)
  Eustachio (D:4)
  A human (D:8)
  3 wyverns
  A soldier ant (D:11)
  A warg (D:11)
  Edmund (D:6)
  4 orc warriors
  A phantom (D:8)
  3 sky beasts
  2 centaurs
  6 ogres
  A crocodile (D:11)
  Blork the orc (D:4)
  3 bullfrogs
  7 scorpions
  6 killer bees (D:10)
  3 wights (D:11)
  A howler monkey (D:11)
  7 crimson imps
  A bullfrog zombie (D:8)
  A centaur skeleton (D:11)
  4 jellies
  A quasit (D:9)
  A centaur zombie (D:11)
  6 hounds
  4 orc priests
  2 bullfrog skeletons (D:10)
  2 iguanas
  10 orc wizards
  6 worker ants
  A hound zombie (D:5)
  A worker ant zombie (D:11)
  Robin (D:2)
  6 gnolls
  14 adders
  A howler monkey skeleton (D:4)
  2 shadow imps
  6 white imps (Lair:1)
  2 oozes
  An adder zombie (D:6)
  3 adder skeletons (D:4)
  3 worms
  2 dart slugs (D:1)
  6 leopard geckos
  33 orcs
  10 bats
  7 giant cockroaches
  15 goblins
  8 hobgoblins
  5 jackals
  10 kobolds
  5 quokkas
  4 ball pythons
  9 frilled lizards
  A leopard gecko skeleton (D:6)
  10 rats
  A rat zombie (D:9)
269 creatures vanquished.

Vanquished Creatures (others)
  A goblin (D:2)
  A quokka (D:2)
  5 toadstools (D:1)
7 creatures vanquished.

Grand Total: 276 creatures vanquished

Notes
Turn   | Place    | Note
-------+----------+-------------------------------------------
     0 | D:1      | H0rd4k the Deep Elf Wizard began the quest for the Orb.
     0 | D:1      | Reached XP level 1. HP: 10/10 MP: 7/7
    73 | D:1      | Reached skill level 5 in Spellcasting
    73 | D:1      | Reached XP level 2. HP: 4/15 MP: 0/10
   810 | D:1      | Reached XP level 3. HP: 17/19 MP: 2/12
   838 | D:1      | Learned a level 2 spell: Blink
   842 | D:1      | Learned a level 3 spell: Conjure Flame
   846 | D:1      | Learned a level 3 spell: Mephitic Cloud
  1672 | D:2      | Reached XP level 4. HP: 24/24 MP: 2/13
  1723 | D:2      | Reached skill level 1 in Fire Magic
  1902 | D:2      | Reached skill level 1 in Poison Magic
  2036 | D:2      | Found a white marble altar of Elyvilon.
  2075 | D:2      | Noticed Robin
  2737 | D:3      | Reached skill level 6 in Spellcasting
  2796 | D:2      | Killed Robin
  3124 | D:3      | Found a stormy altar of Qazlal.
  3134 | D:3      | Found a sparkling altar of Nemelex Xobeh.
  3135 | D:3      | Found a hide-covered altar of Uskayaw.
  3136 | D:3      | Found a shimmering blue altar of Sif Muna.
  3137 | D:3      | Found a shimmering altar of Xom.
  3138 | D:3      | Found an ornate altar of the Wu Jian Council.
  3140 | D:3      | Found a sacrificial altar of Ru.
  3202 | D:3      | Reached XP level 5. HP: 23/28 MP: 1/15
  3559 | D:3      | Reached skill level 1 in Air Magic
  3812 | D:4      | Noticed Eustachio
  4088 | D:4      | Reached skill level 7 in Spellcasting
  4088 | D:4      | Reached XP level 6. HP: 32/32 MP: 0/18
  4218 | D:4      | Found a runed translucent gate.
  4219 | D:4      | Found a runed translucent gate.
  4220 | D:4      | Found a runed translucent gate.
  4222 | D:4      | Noticed admiralandromeda's ghost (novice MfIE)
  4243 | D:4      | Noticed Blork the orc
  4698 | D:4      | Reached skill level 1 in Evocations
  4917 | D:4      | Reached XP level 7. HP: 36/36 MP: 0/20
  5146 | D:4      | Reached skill level 8 in Spellcasting
  5307 | D:4      | Killed Eustachio
  5307 | D:4      | Reached skill level 5 in Conjurations
  5459 | D:5      | Entered Level 5 of the Dungeon
  5582 | D:5      | Reached skill level 9 in Spellcasting
  6060 | D:5      | Found Rotwewneg's Food Shop.
  6185 | D:5      | Found Evuschosa's Antique Weapon Emporium.
  6190 | D:5      | Found a hide-covered altar of Uskayaw.
  6318 | D:5      | Found Suong's Weapon Shoppe.
  6324 | D:5      | Reached XP level 8. HP: 41/41 MP: 16/23
  6420 | D:5      | Found Bubraxeu's Antique Weapon Boutique.
  6430 | D:5      | Learned a level 3 spell: Gell's Gravitas
  6439 | D:5      | Found Boxidoimm's Armour Emporium.
  7064 | D:6      | Reached skill level 10 in Spellcasting
  7211 | D:4      | Killed Blork the orc
  7358 | D:6      | Found a glowing silver altar of Zin.
  7538 | D:6      | Found a staircase to the Ecumenical Temple.
  7563 | D:6      | Noticed Edmund
  7592 | D:6      | Killed Edmund
  7612 | Temple   | Entered the Ecumenical Temple
  7718 | Temple   | Became a worshipper of Gozag Ym Sagoz the Greedy
  8135 | D:6      | Reached skill level 11 in Spellcasting
  8562 | D:7      | Reached XP level 9. HP: 45/45 MP: 19/26
  9156 | D:7      | Reached skill level 12 in Spellcasting
  9396 | D:7      | Noticed a red ugly thing
  9461 | D:8      | Found a runed translucent door.
  9491 | D:8      | Found a basalt altar of Yredelemnul.
  9672 | D:8      | Found a shadowy altar of Dithmenos.
 10795 | D:9      | Noticed a molten gargoyle
 10802 | D:9      | Noticed a molten gargoyle
 10929 | D:9      | Found a hazy altar of Hepliaklqana.
 10945 | D:9      | Noticed a troll
 10962 | D:9      | Killed a troll
 11178 | D:9      | Found an ancient bone altar of Kikubaaqudgha.
 11315 | D:9      | Reached skill level 5 in Translocations
 11515 | D:9      | Noticed a molten gargoyle
 11521 | D:9      | Noticed a molten gargoyle
 11524 | D:10     | Entered Level 10 of the Dungeon
 11535 | D:10     | Reached skill level 13 in Spellcasting
 11789 | D:10     | Reached XP level 10. HP: 50/50 MP: 23/29
 12668 | D:10     | Learned a level 3 spell: Frozen Ramparts
 12672 | D:10     | Learned a level 3 spell: Ozocubu's Armour
 12679 | D:10     | Learned a level 6 spell: Ozocubu's Refrigeration
 12715 | D:11     | Got an encrusted long sword
 12815 | D:11     | Reached skill level 14 in Spellcasting
 13266 | D:11     | Reached skill level 1 in Ice Magic
 13712 | D:11     | Found a runed translucent gate.
 13713 | D:11     | Found a runed translucent gate.
 13714 | D:11     | Found a runed translucent gate.
 13716 | D:11     | Noticed zoidberg28's ghost (adept HOFi)
 13717 | D:11     | Noticed a cyclops
 13893 | D:11     | Killed a cyclops
 14171 | D:11     | Noticed a manticore
 14181 | D:11     | Killed a manticore
 14328 | D:11     | Found a staircase to the Lair.
 14406 | D:11     | Identified the +10 plate armour "Awnugas" {rC+}
 14407 | D:11     | Found a roughly hewn altar of Beogh.
 14408 | D:11     | Identified the +7 long sword of the Final Decision {freeze,
                  | rF+ Str+3 SInv} (You found it on level 11 of the Dungeon)
 14551 | D:11     | Reached skill level 15 in Spellcasting
 14852 | Lair:1   | Entered Level 1 of the Lair of Beasts
 14885 | Lair:1   | Noticed an eight-headed hydra
 14908 | Lair:1   | Noticed a spiny frog
 14918 | Lair:1   | Killed a spiny frog
 14923 | Lair:1   | Noticed Fannar
 14942 | Lair:1   | Killed from afar by a white imp

Illustrated notes

Levels and vault maps discovered:
D:1:      scummos_arrival_checkerplants, layout_loops_ring, serial_bayou,
          serial_bayou_lake_a, serial_bayou_pond_b, serial_bayou_shore_a,
          serial_bayou_lagoon_b, minmay_gold_behind_fungi
D:2:      layout_rooms, elyvilon_altar_4, uniq_robin
D:3:      layout_rooms, minitemple, minmay_quantized
D:4:      minmay_octagon_keep, layout_cave_pods, first_ration,
          ebering_ghost_rock_garden, roderic_lattice_a,
          kennysheep_pointless_box, uniq_blork_the_orc, uniq_eustachio
D:5:      layout_cave_pools, basic_altar, serial_shops, nicolae_shop_stone,
          shop, nicolae_shop_stone, nicolae_shop_statue_plus,
          nicolae_shop_trees, guppyfry_early_lair_pool
D:6:      layout_loops_ring, kennysheep_little_box,
          minmay_temple_entry_statues_pillars, kennysheep_big_empty_room,
          uniq_edmund
D:7:      layout_loops_ring
D:8:      layout_loops_corners, nicolae_dithmenos_shadow_blocks, grunt_pizzeria,
          dk_yredelemnul_ordeal
D:9:      layout_roguey, grunt_temple_overflow_holy_war,
          lemuel_zombie_altar_kikubaaqudgha, basic_altar, minivault_8
D:10:     layout_rooms, minmay_misc_feat_roman
D:11:     minmay_inner_zag, layout_long_grid, biasface_ghost_orc_armoury
Temple:   jpeg_temple_island
Lair:1:   layout_gridlike, portal_ice_cave_entry_imps, minivault_24,
          beast_lair_carwin_1, grunt_megastairs_4, uniq_fannar

Skill      XL: |  1  2  3  4  5  6  7  8  9 10 |
---------------+-------------------------------+-----
Spellcasting   | 5 6 7 9 11 13 15 | 15.1
Conjurations   | 2 3 4 5 6 8 9 |  9.1
Fire Magic     | 1 2 3 |  3.5
Poison Magic   | 1 2 |  2.0
Stealth        | 3 4 |  4.3
Air Magic      | 1 |  1.0
Evocations     | 1 |  1.7
Translocations | 3 5 6 |  6.1
Dodging        | 3 |  3.6
Ice Magic      | 3 |  3.5
Long Blades    | |  0.1
Summonings     | |  1.1

Action                   |  1- 3 |  4- 6 |  7- 9 | 10-12 || total
-------------------------+-------+-------+-------+-------++-------
Melee: Unarmed           |       |     3 |       |       ||     3
 Cast: Magic Dart        |    99 |   212 |   323 |   145 ||   779
       Conjure Flame     |       |     6 |    41 |    32 ||    79
       Mephitic Cloud    |       |     3 |     1 |     1 ||     5
       Blink             |       |     1 |     9 |    11 ||    21
       Gell's Gravitas   |       |       |    32 |    22 ||    54
       Frozen Ramparts   |       |       |       |    11 ||    11
Evoke: Wand              |       |     6 |       |     9 ||    15
  Use: Scroll            |       |       |       |    17 ||    17
       Potion            |       |       |       |     1 ||     1
  Eat: Chunk             |     2 |    10 |     9 |       ||    21
       Ration            |       |       |     3 |     3 ||     6
Armor: Robe              |     1 |       |       |       ||     1
       Leather armour    |     5 |    24 |    25 |    25 ||    79
Dodge: Dodged            |    14 |    27 |    39 |    53 ||   133
       Rpst.: Long sword |       |       |       |     6 ||     6
